 Dungeon Crawl Stone Soup version 0.32-a0-520-g344ed53f66 (webtiles) character file.

Game seed: 6839789530759242981

1508 lunkers the Geomancer (level 8, -8/57 HPs)
             Began as a Mountain Dwarf Earth Elementalist on Feb 27, 2024.
             Mangled by a sleepcap (13 damage)
             ... on level 4 of the Dungeon.
             The game lasted 00:04:32 (3142 turns).

lunkers the Geomancer (MDEE)                        Turns: 3142, Time: 00:04:33

Health: -8/57      AC:  4    Str: 12    XL:     8   Next: 53%
Magic:  7/10       EV:  2    Int: 17    God:
Gold:   160        SH:  0    Dex: 10    Spells: 3/10 levels left

rFire   . . .        B - +2 quarterstaff (chaos)
rCold   . . .        (shield currently unavailable)
rNeg    . . .        y - +0 troll leather armour {Pargi}
rPois   .            (no helmet)
rElec   .            C - +0 cloak
rCorr   .            (no gloves)
SInv    .            (no boots)
Will    .....        (no amulet)
Stlth   +            (no ring)
HPRegen 1.09/turn    (no ring)
MPRegen 0.12/turn

%: no passive effects
@: sleeping
A: runic magic, artefact enchanting
a: no special abilities


You were on level 4 of the Dungeon.
You visited 1 branch of the dungeon, and saw 4 of its levels.
You also visited: Sewer.

You collected 160 gold pieces.

Inventory:

Hand Weapons
 c - a +0 whip
 k - a +1 dagger
 B - a +2 quarterstaff of chaos (weapon)
Armour
 a - a +0 robe
 y - a +0 troll leather armour (worn) {Pargi}
 C - a +0 cloak (worn)
Magical Staves
 e - a staff of cold
 r - a staff of fire
 D - a staff of conjuration
Jewellery
 q - a ring of ice
Wands
 v - a wand of polymorph (13)
 w - a wand of warping (6)
Scrolls
 d - 2 scrolls of fog
 h - a scroll of enchant weapon
 j - 2 scrolls of identify
 m - a scroll of teleportation
 n - a scroll of torment {unknown}
Potions
 b - a potion of magic
 f - 2 potions of lignification
 g - a potion of attraction {unknown}
 i - a potion of berserk rage {unknown}
 l - a potion of might {unknown}
 o - a potion of resistance {unknown}
 p - a potion of ambrosia {unknown}
 s - a potion of heal wounds {unknown}
 t - a potion of degeneration {unknown}
 u - a potion of haste {unknown}
 x - a potion of mutation {unknown}
 z - 2 potions of curing {unknown}
 A - a potion of cancellation {unknown}


   Skills:
 - Level 1.3 Dodging
 - Level 1.4 Stealth
 - Level 1.7 Spellcasting
 - Level 0.8 Conjurations
 * Level 12.1 Earth Magic


You had 3 spell levels left.
You knew the following spells:

 Your Spells              Type           Power      Damage    Failure   Level
a - Sandblast             Erth           84%        2d18      1%          1
b - Passwall              Erth           42%        N/A       1%          3
c - Stone Arrow           Conj/Erth      46%        3d9       4%          3

Your spell library contained the following spells:

 Spells                   Type           Power      Damage    Failure   Level
 Kiss of Death            Conj/Necr      8%         2d6       17%         1
 Shock                    Conj/Air       8%         1d3       17%         1
 Sting                    Conj/Alch      8%         1d3       17%         1
 Summon Small Mammal      Summ           4%         N/A       21%         1
 Call Imp                 Summ           2%         N/A       30%         2
 Cigotuvi's Dreadful Rot  Necr/Alch/Air  2%         N/A       30%         2
 Mercury Vapours          Alch/Air       2%         N/A       30%         2
 Sublimation of Blood     Necr           1%         N/A       30%         2
 Brom's Barrelling Bould  Conj/Erth      23%        2d4       14%         4
 Petrify                  Alch/Erth      22%        N/A       17%         4
 Dispel Undead            Necr           1%         3d6       90%         4
 Martyr's Knell           Necr/Summ      1%         N/A       90%         4
 Olgreb's Toxic Radiance  Alch           1%         N/A       90%         4
 Summon Forest            Summ/Tloc      0%         N/A       99%         5
 Death Channel            Necr           0%         N/A       100%        6
 Eringya's Noxious Bog    Alch           0%         4d6       100%        6
 Summon Hydra             Summ           0%         N/A       100%        7


Dungeon Overview and Level Annotations

Branches:
Dungeon (4/15)              Sewer (visited)
 Temple: D:4-7

Altars:

Shops:
D:1 !

Annotations:
D:3 1 runed translucent door, Triskal's ghost, amateur TrGl


Innate Abilities, Weirdness & Mutations

Your spellcasting is much less encumbered by armour.
You can use scrolls of enchantment on lesser artefacts.


Message History

Found a stone staircase leading down.
The steam dragon hisses angrily.
The steam dragon breathes steam at you. The ball of steam hits you!
There is an open door here.
No target in view!
No target in view!
No target in view!
A sleepcap comes into view.
Found a stone staircase leading up.
Casting: Sandblast (safe; 1% risk of failure)
Confirm with . or Enter, or press ? or * to list all spells.
The blast of sand hits the steam dragon!
The steam dragon is heavily wounded.
The steam dragon breathes steam at you. The ball of steam hits you!!
* * * LOW HITPOINT WARNING * * *
Aiming: Sandblast (safe; 1% risk of failure)
Press: ? - help, Q - select action, (/) - cycle Shift-Dir - straight line, f/p - steam dragon
Aim: a steam dragon (heavily wounded, catching its breath, 85% to hit)
The blast of sand hits the steam dragon!
You kill the steam dragon!
You are engulfed in a cloud of scalding steam.
* * * LOW HITPOINT WARNING * * *
Your Earth Magic skill increases to level 12!
Unknown command.
The sleepcap attacks as it pursues you! The sleepcap releases spores at you.
* * * LOW HITPOINT WARNING * * *
Aiming: Sandblast (safe; 1% risk of failure)
Press: ? - help, Q - select action, (/) - cycle Shift-Dir - straight line, f - sleepcap
Aim: a sleepcap (100% to hit)
The blast of sand hits the sleepcap!
The sleepcap is heavily damaged.
The sleepcap releases spores at you.
* * * LOW HITPOINT WARNING * * *
You are engulfed in a cloud of soporific spores!
You fall asleep.
The sleepcap is engulfed in a cloud of scalding steam.
The sleepcap releases spores at you!
You die...

.#
##....##........#####.##
.# #......#........# #.#
... #....#.##########
#.# .... #....#.########
#.# .... #....#.........
..# .... #....#..######
..# #...##..#... ...
#...###'#.# .......@..#
......§f..#
.....)......<..
..............#
.............>.
..........#.###
..........#...
#######.#.# ### #.#.#


You could see a sleepcap.

Vanquished Creatures
  Pikel (D:4)
  Grinder (D:3)
  Eustachio (D:4)
  A steam dragon (D:4)
  Pargi (Sewer)
  2 lemures (D:4)
  2 brain worms (Sewer)
  A jelly (D:4)
  Crazy Yiuf (D:3)
  An orc priest (D:4)
  2 orc wizards (D:4)
  Natasha (thrice) (D:2)
  5 adders
  4 dart slugs
  10 orcs
  5 ball pythons
  8 endoplasms
  4 giant cockroaches
  6 goblins
  2 hobgoblins
  A jackal (D:2)
  5 kobolds
  3 quokkas
  11 bats
  5 frilled lizards
  3 rats
89 creatures vanquished.

Notes
Turn   | Place    | Note
-------+----------+-------------------------------------------
     0 | D:1      | lunkers the Mountain Dwarf Earth Elementalist began the
                  | quest for the Orb.
     0 | D:1      | Reached XP level 1. HP: 14/14 MP: 3/3
   197 | D:1      | Reached skill level 4 in Earth Magic
   197 | D:1      | Reached XP level 2. HP: 20/20 MP: 1/4
   641 | D:1      | Found Zedduint's Distillery.
   762 | D:2      | Noticed Natasha
   766 | D:2      | Reached XP level 3. HP: 17/26 MP: 1/5
   771 | D:2      | Killed Natasha
   772 | D:2      | Reached skill level 5 in Earth Magic
   987 | D:2      | Reached XP level 4. HP: 33/33 MP: 1/6
  1285 | D:2      | Noticed Natasha
  1288 | D:2      | Killed Natasha
  1289 | D:2      | Reached skill level 6 in Earth Magic
  1320 | D:2      | Noticed Natasha
  1322 | D:2      | Killed Natasha
  1365 | D:2      | Got Gnosis, Volume One
  1540 | D:3      | Noticed Grinder
  1544 | D:3      | Killed Grinder
  1545 | D:3      | Reached skill level 7 in Earth Magic
  1545 | D:3      | Reached XP level 5. HP: 38/38 MP: 2/7
  1545 | D:3      | Reached XP level 6. HP: 45/45 MP: 2/8
  1604 | D:3      | Found a glowing drain.
  1628 | Sewer    | Entered a sewer
  1633 | Sewer    | Reached skill level 8 in Earth Magic
  1808 | Sewer    | Noticed Pargi
  1812 | Sewer    | Killed Pargi
  1813 | Sewer    | Reached skill level 9 in Earth Magic
  1813 | Sewer    | Reached XP level 7. HP: 37/50 MP: 4/9
  2053 | D:3      | Found a runed translucent door.
  2062 | D:3      | Noticed Triskal's ghost (amateur TrGl)
  2064 | D:3      | Learned a level 3 spell: Passwall
  2068 | D:3      | Learned a level 3 spell: Stone Arrow
  2479 | D:3      | Found a runed translucent door.
  2480 | D:3      | Noticed Crazy Yiuf
  2646 | D:3      | Killed Crazy Yiuf
  2719 | D:4      | Noticed Pikel
  2731 | D:4      | Killed Pikel
  2732 | D:4      | Reached skill level 10 in Earth Magic
  2732 | D:4      | Reached XP level 8. HP: 49/57 MP: 1/10
  2813 | D:4      | Reached skill level 11 in Earth Magic
  3058 | D:4      | Noticed Eustachio
  3065 | D:4      | Killed Eustachio
  3140 | D:4      | Reached skill level 12 in Earth Magic
  3142 | D:4      | Mangled by a sleepcap

Illustrated notes

Levels and vault maps discovered:
D:1:      wander_arrival_lonely_grave, layout_rooms, serial_shops,
          nicolae_shop_back_alley_shop
D:2:      layout_rooms, minmay_randomly_rotated_circles, uniq_natasha
D:3:      layout_basic, portal_sewer_entry_a, ebering_ghost_sewer_d, hex_medium,
          minmay_misc_feat_pillars, small_statue_intersection, uniq_grinder,
          uniq_crazy_yiuf_cottage
D:4:      layout_basic, serial_shops, nicolae_shop_gaudy_bauble, uniq_eustachio,
          uniq_pikel

Skill      XL: |  1  2  3  4  5  6  7  8 |
---------------+-------------------------+-----
Earth Magic    | 4 5 7 9 10 12 | 12.1
Dodging        | |  1.3
Stealth        | |  1.4
Spellcasting   | |  1.7
Conjurations   | |  0.8

Action                     |  1- 3 |  4- 6 |  7- 9 || total
---------------------------+-------+-------+-------++-------
  Melee: Dagger            |     6 |     2 |       ||     8
         Quarterstaff      |       |       |     1 ||     1
   Cast: Sandblast         |    42 |    45 |    51 ||   138
    Use: Scroll            |       |       |     6 ||     6
 Armour: Robe              |     6 |    11 |       ||    17
         Troll leather arm |       |       |    15 ||    15
  Dodge: Dodged            |     8 |     8 |    17 ||    33

Table legend: (Time is in decaauts)
 A = Elapsed time spent in this place.
 B = Non-inter-level travel time spent in this place.
 C = Inter-level travel time spent in this place.
 D = Time resting spent in this place.
 E = Time spent auto-exploring this place.
 F = Levels seen in this place.
 G = Mean time per level.
                   A        B        C        D        E       F      G
               +--------+--------+--------+--------+--------+-----+--------+
         Total |   3222 |   3137 |     85 |     40 |   2586 |   5 |  644.4 |
       Dungeon |   2864 |   2779 |     85 |      7 |   2329 |   4 |  716.0 |
         Sewer |    357 |    357 |      0 |     33 |    256 |   1 |  357.0 |
               +--------+--------+--------+--------+--------+-----+--------+

Top non-repeatable levels by time:
     D:3: 839 daAuts
     D:2: 819 daAuts
     D:1: 751 daAuts
     D:4: 454 daAuts
   Sewer: 357 daAuts
